 Dungeon Sprint DCSS version 0.29.1-15-g9cfb28693d (webtiles) character file.

Game seed: 4567764560095561630

100011 Groucho the Slayer (level 15, 0/170 HPs)
             Began as a Minotaur Fighter on Apr 7, 2023.
             Was the Champion of Cheibriados.
             Slain by Tiamat
             ... wielding a +4 demon trident of electrocution
              (23 damage)
             ... in the Dungeon (Sprint VII: "The Pits") on Apr 8, 2023.
             The game lasted 00:27:23 (9375 turns).

Groucho the Slayer (Minotaur Fighter)               Turns: 9375, Time: 00:27:23

Health: 0/170      AC: 39    Str: 34    XL:     15   Next: 79%
Magic:  4/27       EV: 25    Int: 23    God:    Cheibriados [******]
Gold:   49         SH: 11    Dex: 28    Spells: 14/14 levels left

rFire   + . .      SeeInvis .   r - +1 broad axe (freeze)
rCold   + + +      Faith    +   c - +0 buckler
rNeg    + + .      Spirit   .   d - +4 gold dragon scales
rPois   +          Reflect  .   (helmet restricted)
rElec   .          Harm     .   A - +2 cloak
rCorr   .          Rampage  .   C - +1 pair of gloves
Will    +....      NoTele   +   B - +1 pair of boots
Stlth   ..........              S - amulet "Fat Sotz" {Faith rN+ Regen+ Str-4}
HPRegen 1.18/turn               L - ring of Divine Compulsion {rC++ rN+ Int+3}
MPRegen 0.20/turn               k - +3 ring of evasion

@: studying Long Blades, very slow
A: horns 2, retaliatory headbutt, clumsy 1, screaming 1
a: Renounce Religion, Bend Time, Temporal Distortion, Slouch, Step From Time


You were in the Dungeon.
You worshipped Cheibriados.
Cheibriados was exalted by your worship.
You visited 1 branch You collected 49 gold pieces.

Inventory:

Hand Weapons
 p - a +3 morningstar
 r - a +1 broad axe of freezing (weapon)
Missiles
 m - 12 stones
 s - 9 silver javelins
 t - 8 javelins (quivered)
Armour
 c - a +0 buckler (worn)
 d - +4 gold dragon scales (worn)
 A - a +2 cloak (worn)
 B - a +1 pair of boots (worn)
 C - a +1 pair of gloves (worn)
Jewellery
 a - a ring of see invisible
 b - a +3 ring of intelligence
 k - a +3 ring of evasion (right hand)
 u - a ring of protection from fire
 z - the ring of New Discoveries {rF+ rC- Str-2 Dex+7}
   (You found it in the Dungeon)

   [ring of protection from fire]

   Str:       It affects your strength (-2).
   Dex:       It affects your dexterity (+7).
   rF:        It protects you from fire.
   rC:        It makes you vulnerable to cold.
 D - the amulet "Lisefevu" {Faith +Inv Will+}
   (You found it in the Dungeon)

   [amulet of faith]

   It allows you to gain divine favour quickly.
   +Inv:      It lets you turn invisible.
   Will:      It increases your willpower.
 E - the ring of the Foremost Violins {Fire rN+}
   (You found it in the Dungeon)

   [ring of fire]

   It enhances your fire magic.
   rF:        It protects you from fire.
   rC:        It makes you vulnerable to cold.
   rN:        It protects you from negative energy.
 F - the ring of Dim Light {Str+6 Int+5 Slay-6}
   (You found it in the Dungeon)

   [ring of strength]

   Str:       It affects your strength (+6).
   Int:       It affects your intelligence (+5).
   Slay:      It affects your accuracy & damage with ranged weapons and melee
   (-6).
 G - the ring "Afumih" {rC+ rN+}
   (You found it in the Dungeon)

   [ring of protection from cold]

   rC:        It protects you from cold.
   rN:        It protects you from negative energy.
 H - the ring "Vuizinyca" {Ice Str+3 Dex+2}
   (You found it in the Dungeon)

   [ring of ice]

   It enhances your ice magic.
   Str:       It affects your strength (+3).
   Dex:       It affects your dexterity (+2).
   rF:        It makes you vulnerable to fire.
   rC:        It protects you from cold.
 I - the ring "Henaer" {Wiz *Slow rElec rF+ Int+5}
   (You found it in the Dungeon)

   [ring of wizardry]

   It improves your spell success rate.
   Int:       It affects your intelligence (+5).
   rF:        It protects you from fire.
   rElec:     It insulates you from electricity.
   *Slow:     It may slow you when you take damage.
 J - a +5 ring of slaying
 K - the ring "Ziroure" {*Corrode rC+ Str+9 Int-5 Dex+6}
   (You found it in the Dungeon)

   [ring of dexterity]

   Str:       It affects your strength (+9).
   Int:       It affects your intelligence (-5).
   Dex:       It affects your dexterity (+6).
   rC:        It protects you from cold.
   *Corrode:  It may corrode you when you take damage.
 L - the ring of Divine Compulsion (left hand) {rC++ rN+ Int+3}
   (You found it in the Dungeon)

   [ring of positive energy]

   Int:       It affects your intelligence (+3).
   rC:        It greatly protects you from cold.
   rN:        It protects you from negative energy.
 M - the ring "Yfiusar" {rPois AC+4 Dex+3 Stlth+}
   (You found it in the Dungeon)

   [ring of protection]

   AC:        It affects your AC (+4).
   Dex:       It affects your dexterity (+3).
   rPois:     It protects you from poison.
   Stlth:     It makes you more stealthy.
 N - the ring of Suspicion {rN+ Slay+3}
   (You found it in the Dungeon)

   [ring of positive energy]

   Slay:      It affects your accuracy & damage with ranged weapons and melee
   (+3).
   rN:        It protects you from negative energy.
 O - the ring "Osye" {Will+ MP+9 Str+2}
   (You found it in the Dungeon)

   [ring of willpower]

   Str:       It affects your strength (+2).
   MP:        It affects your magic capacity (+9).
   Will:      It increases your willpower.
 P - the ring of Coguamy {+Blink rN+++ Will- Str+8 Int+6}
   (You found it in the Dungeon)

   [ring of intelligence]

   Str:       It affects your strength (+8).
   Int:       It affects your intelligence (+6).
   rN:        It renders you almost immune to negative energy.
   +Blink:    It lets you blink.
   Will:      It decreases your willpower.
 Q - the ring of Giuhey {rC+ Str-3 Int+2 Slay+5}
   (You found it in the Dungeon)

   [ring of protection from cold]

   Str:       It affects your strength (-3).
   Int:       It affects your intelligence (+2).
   Slay:      It affects your accuracy & damage with ranged weapons and melee
   (+5).
   rC:        It protects you from cold.
 R - the ring of the Shining Light {*Slow Int+6 Dex+7}
   (You found it in the Dungeon)

   [ring of intelligence]

   Int:       It affects your intelligence (+6).
   Dex:       It affects your dexterity (+7).
   *Slow:     It may slow you when you take damage.
 S - the amulet "Fat Sotz" (around neck) {Faith rN+ Regen+ Str-4}
   (You found it in the Dungeon)

   [amulet of faith]

   It allows you to gain divine favour quickly.
   Str:       It affects your strength (-4).
   rN:        It protects you from negative energy.
   Regen:     It increases your rate of health regeneration.
 T - the ring of Conformity {*Corrode rPois rF+ rC+}
   (You found it in the Dungeon)

   [ring of protection from fire]

   rF:        It protects you from fire.
   rC:        It protects you from cold.
   rPois:     It protects you from poison.
   *Corrode:  It may corrode you when you take damage.
 U - the ring "Copedacs" {Fire rN+}
   (You found it in the Dungeon)

   [ring of fire]

   It enhances your fire magic.
   rF:        It protects you from fire.
   rC:        It makes you vulnerable to cold.
   rN:        It protects you from negative energy.
 V - the ring of Yfuqyfor {AC+6 Int+5}
   (You found it in the Dungeon)

   [ring of protection]

   AC:        It affects your AC (+6).
   Int:       It affects your intelligence (+5).
 W - the amulet "Biteg" {Spirit rPois Will+}
   (You found it in the Dungeon)

   [amulet of guardian spirit]

   It causes incoming damage to be divided between your reserves of health and
   magic.
   rPois:     It protects you from poison.
   Will:      It increases your willpower.
 X - the ring "Ziteek" {Fire Dex+5}
   (You found it in the Dungeon)

   [ring of fire]

   It enhances your fire magic.
   Dex:       It affects your dexterity (+5).
   rF:        It protects you from fire.
   rC:        It makes you vulnerable to cold.
 Y - the ring "Pujy" {Fire rPois Str+4 Dex+4}
   (You found it in the Dungeon)

   [ring of fire]

   It enhances your fire magic.
   Str:       It affects your strength (+4).
   Dex:       It affects your dexterity (+4).
   rF:        It protects you from fire.
   rC:        It makes you vulnerable to cold.
   rPois:     It protects you from poison.
 Z - the ring of Fuqyrrab {Wiz Will+}
   (You found it in the Dungeon)

   [ring of wizardry]

   It improves your spell success rate.
   Will:      It increases your willpower.
Wands
 h - a wand of flame (4)
Scrolls
 n - 5 scrolls of amnesia
 o - 2 scrolls of summoning
 v - 5 scrolls of identify
 w - a scroll of butterflies
 y - 2 scrolls of enchant weapon
Potions
 e - 6 potions of curing
 g - 9 potions of haste
 i - 6 potions of berserk rage
 j - 3 potions of magic
 l - 2 potions of invisibility
 q - 2 potions of flight
 x - a potion of ambrosia


   Skills:
 * Level 25.2 Fighting
 + Level 22.2 Axes
 * Level 24.1 Armour
 + Level 18.2 Dodging
 + Level 20.6 Shields
 - Level 18.0 Unarmed Combat
 + Level 18.4 Invocations


You had 14 spell levels left.
You didn't know any spells.
Your spell library contained the following spells:

 Spells                   Type           Power      Damage    Failure   Level
 Foxfire                  Conj/Fire      0%         2x1d4     67%         1
 Shock                    Conj/Air       0%         1d3       67%         1
 Summon Small Mammal      Summ           0%         N/A       67%         1
 Ensorcelled Hibernation  Hex/Ice        0%         N/A       80%         2
 Passwall                 Tmut/Erth      0%         N/A       80%         2
 Poisonous Vapours        Pois/Air       0%         N/A       80%         2
 Static Discharge         Conj/Air       0%         3-3/arc   80%         2
 Call Canine Familiar     Summ           0%         N/A       95%         3
 Conjure Flame            Conj/Fire      0%         6-21      95%         3
 Frozen Ramparts          Ice            0%         1d1       95%         3
 Ignite Poison            Fire/Tmut/Pois 0%         N/A       95%         3
 Inner Flame              Hex/Fire       0%         N/A       95%         3
 Ozocubu's Armour         Ice            0%         N/A       95%         3
 Stone Arrow              Conj/Erth      0%         3d7       95%         3
 Summon Guardian Golem    Hex/Summ       0%         N/A       95%         3
 Swiftness                Air            0%         N/A       95%         3
 Teleport Other           Tloc           0%         N/A       95%         3
 Tukima's Dance           Hex            0%         N/A       95%         3
 Airstrike                Air            0%         2d(0-16)  100%        4
 Animate Armour           Summ/Erth      0%         N/A       100%        4
 Corpse Rot               Necr/Pois/Air  0%         N/A       100%        4
 Flame Wave               Conj/Fire      0%         2d4       100%        4
 Hailstorm                Conj/Ice       0%         3d3       100%        4
 Ice Form                 Ice/Tmut       0%         N/A       100%        4
 Sticky Flame             Conj/Fire      0%         2d3       100%        4
 Summon Lightning Spire   Summ/Air       0%         N/A       100%        4
 Freezing Cloud           Conj/Ice/Air   0%         6-21      100%        5
 Lightning Bolt           Conj/Air       0%         1d11      100%        5
 Manifold Assault         Tloc           0%         N/A       100%        5
 Metabolic Englaciation   Hex/Ice        0%         N/A       100%        5
 Silence                  Hex/Air        0%         N/A       100%        5
 Death Channel            Necr           0%         N/A       100%        6
 Simulacrum               Ice/Necr       0%         N/A       100%        6
 Haunt                    Necr/Summ      0%         N/A       100%        7
 Summon Hydra             Summ           0%         N/A       100%        7
 Borgnjor's Revivificati  Necr           0%         N/A       100%        8
 Discord                  Hex            0%         N/A       100%        8
 Lehudib's Crystal Spear  Conj/Erth      0%         10d2      100%        8
 Maxwell's Capacitive Co  Air            0%         ∞         100%        8
 Necromutation            Tmut/Necr      0%         N/A       100%        8
 Death's Door             Necr           0%         N/A       100%        9


Dungeon Overview and Level Annotations

Branches:
Dungeon (1/1)

Altars:
Ashenzari
Cheibriados
Dithmenos
Elyvilon
Fedhas
Gozag
Hepliaklqana
Kikubaaqudgha
Makhleb
Nemelex Xobeh
Okawaru
Qazlal
Ru
Sif Muna
Trog
Uskayaw
Vehumet
Wu Jian
Xom
Yredelemnul
Zin
The Shining One
Jiyva
Lugonu

Annotations:
D Tiamat


Innate Abilities, Weirdness & Mutations

You have a pair of horns on your head.
You reflexively headbutt those who attack you in melee.
You are clumsy. (Dex -2)
You occasionally shout uncontrollably at your foes.


Message History

Unknown command.
Activating: Slouch (0% risk of failure)
Press: ? - help, Dir - look around, f - activate You can feel time thicken for a moment.
The red draconian completely misses you.
The yellow draconian completely misses you.
You furiously retaliate!
You headbutt the yellow draconian, but do no damage.
The black draconian hits you but does no damage.
You block Tiamat's attack.
Unknown command.
Activating: Slouch (0% risk of failure)
Press: ? - help, Dir - look around, f - activate You can feel time thicken for a moment.
You kill the red draconian!
Cheibriados appreciates the change of pace.
You kill the black draconian!
Cheibriados thoroughly appreciates the change of pace.
The black draconian hits you but does no damage.
You block Tiamat's attack.
You block the yellow draconian's attack.
Unknown command.
Activating: Slouch (0% risk of failure)
Press: ? - help, Dir - look around, f - activate You can feel time thicken for a moment.
You kill the black draconian!
Cheibriados thoroughly appreciates the change of pace.
You kill the yellow draconian!
Cheibriados appreciates the change of pace.
You block Tiamat's attack.
Your Armour skill increases to level 24!
Unknown command.
Activating: Slouch (0% risk of failure)
Press: ? - help, Dir - look around, f - activate You can feel time thicken for a moment.
The green draconian barely misses you. Tiamat barely misses you.
Unknown command.
You feel better.
Tiamat hits you from afar with a +4 demon trident of electrocution!!
You die...

########################
}[)}?[==#....#...#......
..#..#)).........#......
....[d.).........#..)...
..#..#)@#....#...#......
.....d))##..##...##.))##
#......#......#.#..#.#..
.######.....)[[(........
....#...)..#)#..#)#..
.....##..##...##...##
..#..#....#...#......
..............#......
..#..........)#......


You could see Tiamat and a green draconian.

Vanquished Creatures
  2 bone dragons (D)
  A hellephant (D)
  A lich (D)
  3 death cobs (D)
  A titan (D)
  4 sphinxes (D)
  A storm dragon (D)
  A rockslime (D)
  3 nagarajas (D)
  An iron dragon (D)
  A ghost moth (D)
  A draconian shifter (D)
  2 deep elf sorcerers (D)
  2 frost giants (D)
  A draconian scorcher (D)
  2 orc warlords (D)
  A draconian stormcaller (D)
  A ghoul (D)
  A draconian annihilator (D)
  A deep elf demonologist (D)
  2 white draconians (D)
  A green draconian (D)
  2 vampire knights (D)
  3 minotaurs (D)
  A deep elf annihilator (D)
  A lorocyproca (D)
  4 black draconians (D)
  3 yellow draconians (D)
  A purple draconian (D)
  A red draconian (D)
  A dire elephant (D)
  A blizzard demon (D)
  A deep elf death mage (D)
  A merfolk javelineer (D)
  An ettin (D)
  A green death (D)
  A fire dragon (D)
  Josephine (D)
  2 great orbs of eyes (D)
  An ogre mage (D)
  A spriggan air mage (D)
  3 vault guards (D)
  Erica (D)
  A catoblepas (D)
  A centaur warrior (D)
  3 naga warriors (D)
  A deep troll earth mage (D)
  A merfolk avatar (D)
  A deep troll shaman (D)
  2 vampire magi (D)
  A spriggan berserker (D)
  4 death yaks (D)
  4 hell hogs (D)
  4 deep elf knights (D)
  A shadow wraith (D)
  3 iron trolls (D)
  A fire crab (D)
  A spriggan druid (D)
  2 deep trolls (D)
  A swamp dragon (D)
  3 bog bodies (D)
  10 orc knights (D)
  2 deep elf archers (D)
  2 lindwurms (D)
  A deep elf zephyrmancer (D)
  3 deep elf pyromancers (D)
  A cyclops (D)
  A manticore (D)
  6 elephants (D)
  2 slime creatures (D)
  A moth of wrath (D)
  A merfolk siren (D)
  2 molten gargoyles (D)
  A black mamba (D)
  An eye of devastation (D)
  A rust devil (D)
  A cane toad (D)
  2 orange demons (D)
  An ice devil (D)
  A yaktaur (D)
  A demonic crawler (D)
  2 efreet (D)
  A komodo dragon (D)
  A wandering mushroom (D)
  A guardian mummy (D)
  A polar bear (D)
  2 merfolk (D)
  2 hornets (D)
  A wind drake (D)
  A tarantella (D)
  A tyrant leech (D)
  12 dream sheep (D)
  A shadow (D)
  2 air elementals (D)
  3 wraiths (D)
  3 spriggans (D)
  A water elemental (D)
  A basilisk (D)
  A fire elemental (D)
  A fire bat (D)
  6 yaks (D)
  A chaos spawn (D)
  9 vampire mosquitoes (D)
  A redback (D)
  A neqoxec (D)
  3 floating eyes (D)
  A black bear (D)
  15 wolves (D)
  A phantom (D)
  A bullfrog (D)
  2 gnoll sergeants (D)
  An earth elemental (D)
  A necrophage (D)
  4 wights (D)
  6 killer bees (D)
  A crimson imp (D)
  A quasit (D)
  2 hounds (D)
  3 orc priests (D)
  A gnoll bouda (D)
  4 orc wizards (D)
  2 hell rats (D)
  8 gnolls (D)
  A river rat (D)
  2 worms (D)
  9 orcs (D)
  2 ball pythons (D)
  A goblin (D)
  A hobgoblin (D)
  A quokka (D)
  A ball python simulacrum (D)
  A bat (D)
  A jackal simulacrum (D)
  4 kobolds (D)
  A quokka skeleton (D)
280 creatures vanquished.

Notes
Turn   | Place    | Note
-------+----------+-------------------------------------------
     0 | D        | Groucho the Minotaur Fighter began the quest for the Orb.
     0 | D        | Reached XP level 1. HP: 19/19 MP: 0/0
     8 | D        | Noticed a floating eye
     9 | D        | Paralysed by a floating eye for 2 turns
    12 | D        | Killed a floating eye
    13 | D        | Reached skill level 6 in Fighting
    13 | D        | Reached skill level 5 in Axes
    13 | D        | Reached XP level 2. HP: 30/30 MP: 1/1
    13 | D        | Reached XP level 3. HP: 37/37 MP: 2/2
    13 | D        | Reached XP level 4. HP: 44/44 MP: 3/3
    17 | D        | Found a bloodstained altar of Trog.
    17 | D        | Found a shimmering blue altar of Sif Muna.
    17 | D        | Found a viscous altar of Jiyva.
    17 | D        | Found a hazy altar of Hepliaklqana.
    17 | D        | Found an opulent altar of Gozag.
    18 | D        | Found a glowing golden altar of the Shining One.
    18 | D        | Found a glowing silver altar of Zin.
    18 | D        | Found a basalt altar of Yredelemnul.
    18 | D        | Found a shimmering altar of Xom.
    18 | D        | Found an ornate altar of the Wu Jian Council.
    18 | D        | Found a sacrificial altar of Ru.
    18 | D        | Found a stormy altar of Qazlal.
    18 | D        | Found an iron altar of Okawaru.
    18 | D        | Found a sparkling altar of Nemelex Xobeh.
    18 | D        | Found a burning altar of Makhleb.
    18 | D        | Found a blossoming altar of Fedhas.
    18 | D        | Found a white marble altar of Elyvilon.
    18 | D        | Found a shadowy altar of Dithmenos.
    18 | D        | Found a snail-covered altar of Cheibriados.
    20 | D        | Found a radiant altar of Vehumet.
    20 | D        | Found a corrupted altar of Lugonu.
    21 | D        | Found a hide-covered altar of Uskayaw.
    21 | D        | Found an ancient bone altar of Kikubaaqudgha.
    21 | D        | Found a broken altar of Ashenzari.
    29 | D        | Became a worshipper of Cheibriados the Contemplative
    83 | D        | Reached * piety under Cheibriados
    92 | D        | Reached ** piety under Cheibriados
   101 | D        | Reached *** piety under Cheibriados
   171 | D        | Noticed a bullfrog
   171 | D        | Noticed a necrophage
   178 | D        | Killed a bullfrog
   179 | D        | Reached skill level 1 in Invocations
   179 | D        | Reached XP level 5. HP: 51/51 MP: 3/5
   184 | D        | Reached **** piety under Cheibriados
   514 | D        | Reached XP level 6. HP: 56/58 MP: 6/6
   524 | D        | Reached ***** piety under Cheibriados
   525 | D        | Reached skill level 7 in Fighting
   648 | D        | Reached skill level 5 in Dodging
   648 | D        | Reached skill level 5 in Unarmed Combat
   887 | D        | Noticed a basilisk
   888 | D        | Noticed a merfolk siren
   889 | D        | Reached ****** piety under Cheibriados
   890 | D        | Reached XP level 7. HP: 67/67 MP: 2/9
   893 | D        | Killed a merfolk siren
   894 | D        | Reached skill level 8 in Fighting
   894 | D        | Reached skill level 5 in Invocations
   895 | D        | Killed a basilisk
   896 | D        | Reached XP level 8. HP: 41/75 MP: 2/11
  1034 | D        | Noticed a polar bear
  1047 | D        | Killed a polar bear
  1048 | D        | Reached skill level 9 in Fighting
  1048 | D        | Reached skill level 10 in Armour
  1048 | D        | Reached skill level 10 in Shields
  1151 | D        | Noticed a manticore
  1151 | D        | Noticed a hornet
  1152 | D        | Killed a hornet
  1156 | D        | Killed a manticore
  1157 | D        | Reached skill level 10 in Axes
  1157 | D        | Reached XP level 9. HP: 85/85 MP: 7/14
  1170 | D        | Noticed an efreet
  1170 | D        | Noticed a cane toad
  1173 | D        | Reached skill level 10 in Fighting
  1173 | D        | Killed an efreet
  1173 | D        | Killed a cane toad
  1644 | D        | Noticed a black mamba
  1644 | D        | Noticed a molten gargoyle
  1645 | D        | Killed a black mamba
  1646 | D        | Killed a molten gargoyle
  1950 | D        | Noticed an orange demon
  1952 | D        | Reached skill level 10 in Invocations
  1953 | D        | Reached XP level 10. HP: 94/94 MP: 5/16
  1954 | D        | Reached skill level 11 in Fighting
  1954 | D        | Killed an orange demon
  2308 | D        | Noticed an orange demon
  2315 | D        | Killed a ghost moth
  2320 | D        | Killed an orange demon
  2743 | D        | Noticed a frost giant
  2743 | D        | Noticed Josephine
  2749 | D        | Killed Josephine
  2750 | D        | Reached skill level 12 in Fighting
  2750 | D        | Reached skill level 10 in Dodging
  2750 | D        | Reached skill level 10 in Unarmed Combat
  2757 | D        | Killed a frost giant
  2758 | D        | Reached XP level 11. HP: 67/105 MP: 4/19
  2889 | D        | Noticed Erica
  2891 | D        | Noticed a death yak
  2891 | D        | Noticed a lindwurm
  2896 | D        | Killed Erica
  2897 | D        | Reached skill level 13 in Fighting
  2897 | D        | Killed a lindwurm
  2899 | D        | Killed a death yak
  2902 | D        | Killed a shadow wraith
  3334 | D        | Reached skill level 14 in Fighting
  3345 | D        | Noticed a swamp dragon
  3352 | D        | Killed a swamp dragon
  3363 | D        | Reached skill level 15 in Axes
  3758 | D        | Noticed a vampire mage
  3783 | D        | Killed a vampire mage
  3784 | D        | Reached XP level 12. HP: 59/118 MP: 19/21
  4195 | D        | Noticed a centaur warrior
  4197 | D        | Killed a centaur warrior
  4198 | D        | Reached skill level 15 in Fighting
  4231 | D        | Noticed a death yak
  4231 | D        | Noticed a death yak
  4231 | D        | Noticed a death yak
  4232 | D        | Noticed an orc warlord
  4233 | D        | Noticed an orc warlord
  4239 | D        | Noticed a naga warrior
  4240 | D        | Killed a death yak
  4241 | D        | Killed a death yak
  4242 | D        | Noticed a dire elephant
  4242 | D        | Killed a death yak
  4243 | D        | Noticed a naga warrior
  4244 | D        | Reached skill level 16 in Fighting
  4244 | D        | Reached skill level 15 in Armour
  4244 | D        | Reached skill level 15 in Shields
  4255 | D        | Killed an orc warlord
  4255 | D        | Killed an orc warlord
  4255 | D        | Killed a dire elephant
  4260 | D        | Killed a naga warrior
  4261 | D        | Reached skill level 17 in Fighting
  4483 | D        | Killed a naga warrior
  4658 | D        | Reached XP level 13. HP: 63/133 MP: 11/22
  5180 | D        | Noticed a minotaur
  5197 | D        | Killed a minotaur
  5445 | D        | Reached skill level 18 in Fighting
  5623 | D        | Noticed a nagaraja
  5623 | D        | Noticed a bone dragon
  5623 | D        | Noticed a hellephant
  5623 | D        | Noticed a minotaur
  5635 | D        | Killed a bone dragon
  5643 | D        | Killed a minotaur
  5653 | D        | Killed a nagaraja
  5654 | D        | Reached skill level 15 in Invocations
  5662 | D        | Killed a hellephant
  5669 | D        | Got Tizyt's Handbook of Transmigration and Conduction
  5963 | D        | Noticed a vampire knight
  5973 | D        | Killed a vampire knight
  5974 | D        | Reached skill level 19 in Fighting
  6060 | D        | Noticed a merfolk javelineer
  6062 | D        | Noticed a minotaur
  6071 | D        | Killed a merfolk javelineer
  6083 | D        | Killed a minotaur
  6090 | D        | Noticed a death cob
  6096 | D        | Reached skill level 20 in Fighting
  6098 | D        | Killed a death cob
  6099 | D        | Reached XP level 14. HP: 83/148 MP: 5/24
  6634 | D        | Noticed a nagaraja
  6634 | D        | Noticed a titan
  6634 | D        | Noticed a sphinx
  6643 | D        | Killed a nagaraja
  6644 | D        | Reached skill level 15 in Dodging
  6644 | D        | Reached skill level 15 in Unarmed Combat
  6644 | D        | Killed a titan
  6646 | D        | Noticed a sphinx
  6646 | D        | Noticed a sphinx
  6648 | D        | Paralysed by a sphinx for 3 turns
  6648 | D        | Noticed a lich
  6653 | D        | Killed a sphinx
  6653 | D        | Killed a sphinx
  6653 | D        | Killed a lich
  6987 | D        | Reached skill level 21 in Fighting
  7130 | D        | Noticed a white draconian stormcaller
  7130 | D        | Noticed a deep elf sorcerer
  7131 | D        | Noticed a red draconian scorcher
  7135 | D        | Killed a deep elf sorcerer
  7136 | D        | Killed a sphinx
  7136 | D        | Noticed a vampire knight
  7137 | D        | Killed a white draconian stormcaller
  7138 | D        | Noticed a yellow draconian annihilator
  7142 | D        | HP: 7/151 [red draconian scorcher/damnation (50)]
  7147 | D        | Noticed an Ice Fiend
  7147 | D        | Killed a vampire knight
  7148 | D        | Killed a red draconian scorcher
  7161 | D        | Killed a yellow draconian annihilator
  7606 | D        | Noticed a sphinx
  7611 | D        | Killed a sphinx
  7976 | D        | Noticed a deep elf sorcerer
  7981 | D        | Killed a deep elf sorcerer
  7982 | D        | Reached skill level 22 in Fighting
  7984 | D        | Gained mutation: You occasionally shout uncontrollably at
                  | your foes. [a neqoxec]
  7985 | D        | Gained mutation: You are clumsy. (Dex -2) [a neqoxec]
  8021 | D        | Got Ogiurghadd's Tome of Geometric Frostbite
  8029 | D        | Got Vyisop's Codex of the Iceberg
  8034 | D        | Got Sif Muna's Quarto of the Bloody Iceberg
  8038 | D        | Got Ixzoos's Almanac of Sweltering Glamour
  8046 | D        | Got the Enchiridion on Productive Spellbinding
  8103 | D        | Got the ring of New Discoveries {rF+ rC- Str-2 Dex+7}
  8106 | D        | Got the amulet "Lisefevu" {Faith +Inv Will+}
  8108 | D        | Got the ring of the Foremost Violins {Fire rN+}
  8110 | D        | Got the ring of Dim Light {Str+6 Int+5 Slay-6}
  8112 | D        | Got the ring "Afumih" {rC+ rN+}
  8114 | D        | Got the ring "Vuizinyca" {Ice Str+3 Dex+2}
  8116 | D        | Got the ring "Henaer" {Wiz *Slow rElec rF+ Int+5}
  8120 | D        | Got the ring "Ziroure" {*Corrode rC+ Str+9 Int-5 Dex+6}
  8122 | D        | Got the ring of Divine Compulsion {rC++ rN+ Int+3}
  8124 | D        | Got the ring "Yfiusar" {rPois AC+4 Dex+3 Stlth+}
  8127 | D        | Got the ring of Suspicion {rN+ Slay+3}
  8129 | D        | Got the ring "Osye" {Will+ MP+9 Str+2}
  8131 | D        | Got the ring of Coguamy {+Blink rN+++ Will- Str+8 Int+6}
  8133 | D        | Got the ring of Giuhey {rC+ Str-3 Int+2 Slay+5}
  8135 | D        | Got the ring of the Shining Light {*Slow Int+6 Dex+7}
  8137 | D        | Got the amulet "Fat Sotz" {Faith rN+ Regen+ Str-4}
  8139 | D        | Got the ring of Conformity {*Corrode rPois rF+ rC+}
  8141 | D        | Got the ring "Copedacs" {Fire rN+}
  8143 | D        | Got the ring of Yfuqyfor {AC+6 Int+5}
  8146 | D        | Got the amulet "Biteg" {Spirit rPois Will+}
  8148 | D        | Got the ring "Ziteek" {Fire Dex+5}
  8150 | D        | Got the ring "Pujy" {Fire rPois Str+4 Dex+4}
  8152 | D        | Got the ring of Fuqyrrab {Wiz Will+}
  8500 | D        | Noticed a ghoul
  8510 | D        | Killed a ghoul
  8511 | D        | Noticed a purple draconian shifter
  8513 | D        | Noticed a nagaraja
  8514 | D        | Noticed a bone dragon
  8517 | D        | Killed a nagaraja
  8522 | D        | Noticed a death cob
  8523 | D        | Killed a death cob
  8524 | D        | Reached skill level 23 in Fighting
  8524 | D        | Reached XP level 15. HP: 74/163 MP: 20/26
  8529 | D        | Killed a bone dragon
  8866 | D        | Noticed a rockslime
  8866 | D        | Noticed a storm dragon
  8869 | D        | Killed a rockslime
  8869 | D        | Noticed a death cob
  8871 | D        | Killed a storm dragon
  8871 | D        | Killed a death cob
  8871 | D        | Noticed a frost giant
  8876 | D        | Reached skill level 24 in Fighting
  8879 | D        | Paralysed by a floating eye for 4 turns
  8880 | D        | Noticed an iron dragon
  8889 | D        | Killed a frost giant
  8903 | D        | Killed an iron dragon
  8979 | D        | Identified the +9 battleaxe "Sotuer" {vorpal, rF++ Will+
                  | Int+2}
  8979 | D        | Identified the ring "Pump" {rElec rPois rF+ Dex+6}
  9352 | D        | Found the +4 dragonskin cloak
  9352 | D        | Noticed Tiamat
  9367 | D        | HP: 8/168 [Tiamat/+4 demon trident of electrocution (39)]
  9371 | D        | Reached skill level 25 in Fighting
  9375 | D        | Slain by Tiamat

Illustrated notes

Levels and vault maps discovered:
D:        pitsprint [storerooms_1, entrance_room_1, metal_vault_2, armoury_1,
          mini_pit_1, grid_room_1, main_hall_1, silver_pit, the_coven_2,
          the_vestibule_1, steel_vault_4, golden_pit, hallway_of_sentries,
          crystal_vault_4, iron_vault_4, final_vault]

Skill      XL: |  1  2  3  4  5  6  7  8  9 10 11 12 13 14 15 |
---------------+----------------------------------------------+-----
Fighting       | 6 7 8 9 10 12 14 17 20 23 25 | 25.2
Axes           | 5 6 7 8 9 10 11 12 15 17 19 21 22 | 22.2
Armour         | 6 7 8 9 10 11 13 14 15 18 21 24 | 24.1
Dodging        | 2 3 4 5 6 7 8 10 11 13 14 16 18 | 18.2
Shields        | 6 7 8 9 10 11 13 14 15 17 19 20 | 20.6
Unarmed Combat | 2 3 4 5 6 7 8 10 11 13 14 16 18 | 18.0
Invocations    | 1 2 4 6 8 10 12 13 14 15 17 18 | 18.4

Action                   |  1- 3 |  4- 6 |  7- 9 | 10-12 | 13-15 || total
-------------------------+-------+-------+-------+-------+-------++-------
Melee: War axe           |     2 |       |       |       |       ||     2
       Headbutt          |     1 |    11 |     2 |    21 |    57 ||    92
       Hand axe          |       |    49 |     5 |       |       ||    54
       Broad axe         |       |       |    15 |   100 |   210 ||   325
Throw: Javelin           |       |       |       |       |     2 ||     2
       Stone             |       |       |       |       |     1 ||     1
Invok: Slouch            |       |     2 |     8 |    23 |    57 ||    90
  Use: Potion            |       |       |       |     8 |    19 ||    27
       Scroll            |       |       |       |     1 |     3 ||     4
 Stab: Petrified         |       |       |       |       |     3 ||     3
       Petrifying        |       |       |       |       |     1 ||     1
Armor: Plate armour      |       |    37 |    11 |    46 |       ||    94
       Scale mail        |       |     1 |       |       |       ||     1
       Gold dragon scale |       |       |       |       |   153 ||   153
Dodge: Dodged            |       |    26 |    25 |   100 |   228 ||   379
Block: Buckler           |       |    20 |    16 |    37 |   141 ||   214
